 Dungeon Crawl Stone Soup version 0.28.0-53-g5a82cb258f (webtiles) character file.

Game seed: 15428860572774873695

4984 concernfroge the Thaumaturge (level 10, -1/55 HPs)
             Began as a Deep Elf Conjurer on July 1, 2022.
             Was a Follower of Sif Muna.
             Slain by a death yak (24 damage)
             ... on level 8 of the Dungeon.
             The game lasted 00:48:10 (9653 turns).

concernfroge the Thaumaturge (Deep Elf Conjurer)    Turns: 9653, Time: 00:48:11

Health: -1/55      AC:  9    Str:  4    XL:     10   Next: 29%
Magic:  6/25       EV: 14    Int: 28    God:    Sif Muna [*.....]
Gold:   304        SH:  0    Dex: 13    Spells: 6/28 levels left

rFire   + . .      SeeInvis .   g - staff of fire
rCold   . . .      Faith    .   (no shield)
rNeg    . . .      Spirit   .   j - +0 steam dragon scales
rPois   .          Reflect  .   (no helmet)
rElec   .          Harm     .   e - +0 cloak
rCorr   .          Rampage  .   f - +1 Delatra's gloves {ID++}
Will    ++...                   m - +0 pair of boots
Stlth   ++........              (no amulet)
HPRegen 0.18/turn               (no ring)
MPRegen 0.19/turn               (no ring)

@: brilliant, about to teleport
A: strong-willed 1, screaming 1, wild magic 1, sturdy frame 1
a: Renounce Religion, Channel Magic


You were on level 8 of the Dungeon.
You worshipped Sif Muna.
Sif Muna was aware of your devotion.
You visited 2 branches of the dungeon, and saw 9 of its levels.

You collected 772 gold pieces.
You spent 468 gold pieces at shops.

Inventory:

Armour
 e - a +0 cloak (worn)
 f - the +1 Delatra's gloves (worn) {ID++}
   (You found it on level 4 of the Dungeon)

   It heals its wearer when they drink unknown potions.
   It restores its wearer's MP when they read unknown scrolls.
 j - +0 steam dragon scales (worn)
 m - a +0 pair of boots (worn)
Magical Staves
 g - a staff of fire (weapon)
Wands
 n - a wand of mindburst (4)
Scrolls
 b - a scroll of amnesia
 d - 2 scrolls of brand weapon
 h - a scroll of enchant weapon
 l - 2 scrolls of identify


   Skills:
 + Level 2.9 Fighting
 + Level 5.1 Dodging
 - Level 2.4 Stealth
 - Level 9.8 Spellcasting
 - Level 9.0 Conjurations
 - Level 8.8 Hexes
 - Level 6.8 Translocations
 + Level 3.9 Evocations


You had 6 spell levels left.
You knew the following spells:

 Your Spells              Type           Power      Damage    Failure   Level
a - Magic Dart            Conj           100%       1d8       1%          1
b - Searing Ray           Conj           100%       2d8       1%          2
c - Dazzling Flash        Conj/Hex       100%       N/A       1%          3
d - Fulminant Prism       Conj/Hex       45%        3d21      2%          4
e - Iskenderun's Mystic   Conj/Tloc      85%        2d17      3%          4
f - Cause Fear            Hex            44%        N/A       2%          4
g - Slow                  Hex            100%       N/A       1%          1
h - Confusing Touch       Hex            89%        N/A       1%          3

Your spell library contained the following spells:

 Spells                   Type           Power      Damage    Failure   Level
 Ensorcelled Hibernation  Hex/Ice        100%       N/A       2%          2
 Conjure Flame            Conj/Fire      85%        6-21      3%          3
 Inner Flame              Hex/Fire       84%        N/A       3%          3
 Iskenderun's Battlesphe  Conj           90%        2d14      4%          5
 Animate Skeleton         Necr           52%        N/A       7%          1
 Pain                     Necr           100%       1d9       7%          1
 Sticky Flame             Conj/Fire      85%        2d10      10%         4
 Anguish                  Hex/Necr       33%        N/A       11%         4
 Ignite Poison            Fire/Tmut/Pois 40%        N/A       17%         3
 Spider Form              Tmut/Pois      26%        N/A       17%         3
 Vampiric Draining        Necr           26%        2d7       17%         3
 Fireball                 Conj/Fire      42%        3d17      26%         5
 Summon Mana Viper        Hex/Summ       66%        N/A       26%         5
 Summon Forest            Summ/Tloc      29%        N/A       36%         5
 Olgreb's Toxic Radiance  Pois           26%        N/A       47%         4
 Conjure Ball Lightning   Conj/Air       33%        3x3d11    77%         6
 Alistair's Intoxication  Tmut/Pois      17%        N/A       82%         5
 Borgnjor's Vile Clutch   Necr/Erth      13%        N/A       82%         5
 Eringya's Noxious Bog    Tmut/Pois      13%        N/A       100%        6
 Summon Cactus Giant      Summ           13%        N/A       100%        6
 Orb of Destruction       Conj           45%        9d12      71%         7
 Ozocubu's Refrigeration  Ice            13%        4d7       100%        7
 Discord                  Hex            44%        N/A       100%        8
 Ignition                 Fire           20%        3d7       100%        8


Dungeon Overview and Level Annotations

Branches:
Dungeon (8/15)             Temple (1/1) D:7            Lair (0/6) D:8

Altars:
Ashenzari
Cheibriados
Dithmenos
Elyvilon
Fedhas
Gozag
Hepliaklqana
Kikubaaqudgha
Makhleb
Okawaru
Qazlal
Ru
Sif Muna
Trog
Uskayaw
Vehumet
Wu Jian
Xom
Yredelemnul
Zin
The Shining One

Shops:
D:1 (*   D:6 :

Annotations:
D:3 Grinder


Innate Abilities, Weirdness & Mutations

You are strong-willed. (Will+)
You occasionally shout uncontrollably at your foes.
Your spells are a little harder to cast, but a little more powerful.
Your movements are slightly less encumbered by armour. (ER -2)


Message History

The blast of energy engulfs the death yak!!
The death yak is heavily wounded.
The blast of energy engulfs the death yak!!
The death yak is severely wounded.
You hear a shout!
Your Evocations skill increases to level 3!
You feel clever all of a sudden.
A wight comes into view. It is wielding a +0 hand axe.
The death yak gores you! The water moccasin closely misses you.
The death yak gores you!
Casting: Fulminant Prism (dangerous; 2% risk of failure)
Confirm with . or Enter, or press ? or * to list all spells.
Aiming: Fulminant Prism (dangerous; 2% risk of failure)
Press: ? - help, Dir - move target, f - death yak
Aim: a death yak (severely wounded)
Okay, then.
Casting: Fulminant Prism (dangerous; 2% risk of failure)
Confirm with . or Enter, or press ? or * to list all spells.
You feel a surge of power!
You erupt in a blast of force!
The mystic blast hits the death yak!
The death yak is lightly wounded.
The death yak is knocked back by the mystic blast.
The death yak collides with the death yak!
The death yak is lightly wounded.
The death yak is moderately wounded.
The mystic blast hits the death yak!
The death yak is severely wounded.
The death yak is knocked back by the mystic blast.
The mystic blast hits the death yak!!
You kill the death yak!
Sif Muna accepts your kill.
You can now call upon Sif Muna for magical energy.
The mystic blast hits the water moccasin!
You kill the water moccasin!
Sif Muna accepts your kill.
You hear a shout!
Your Dodging skill increases to level 5!
As you read the scroll of teleportation, it crumbles to dust.
You feel strangely unstable. The death yak gores you!!
You die...

...
.....))...... .
. ...
......)..o).† ..
.######.#
..).)........
>.. .......#
......#..!.o.
.... ###.#...##
.............
.....##........#
.....#.......
#..Y.......Y)..#
####...###...
#<...YYY†# .##
#### #...Y.Y.@#
###)##....#
#.####....Z ...
....... #....
.z.......
#.........z...#
#.............#
#........#..#..
.........


You could see 6 death yaks and 2 wights.

Vanquished Creatures
  A two-headed ogre (D:6)
  A death yak (D:8)
  A shadow (D:7)
  A wyvern (D:8)
  2 steam dragons
  2 water moccasins
  3 ice beasts
  2 orc warriors
  A hornet zombie (D:6)
  2 necrophages
  A black bear (D:6)
  2 centaurs (D:8)
  2 ogres
  A phantom (D:5)
  2 gnoll sergeants
  3 bullfrogs
  4 scorpions
  A water moccasin zombie (D:7)
  A killer bee (D:8)
  4 howler monkeys
  A crimson imp (D:6)
  A bullfrog zombie (D:5)
  A centaur zombie (D:6)
  2 gnoll shamans (D:5)
  A jelly (D:5)
  2 orc priests
  A centaur skeleton (D:7)
  6 hounds
  2 iguanas (D:5)
  8 orc wizards
  2 hound zombies (D:5)
  A hound skeleton (D:5)
  A howler monkey skeleton (D:7)
  7 gnolls
  8 adders
  A shadow imp (D:7)
  A white imp (D:6)
  2 ufetubi
  An adder skeleton (D:4)
  4 dart slugs
  37 orcs
  8 bats
  6 endoplasms
  3 giant cockroaches
  9 goblins
  8 hobgoblins
  9 jackals
  6 kobolds
  4 quokkas
  11 ball pythons
  4 frilled lizards
  9 rats
204 creatures vanquished.

Vanquished Creatures (others)
  A wizard (D:4)
  An iguana (D:7)
  A shadow imp (D:7)
  44 fulminant prisms
47 creatures vanquished.

Grand Total: 251 creatures vanquished

Notes
Turn   | Place    | Note
-------+----------+-------------------------------------------
     0 | D:1      | concernfroge the Deep Elf Conjurer began the quest for the
                  | Orb.
     0 | D:1      | Reached XP level 1. HP: 10/10 MP: 6/6
   217 | D:1      | Reached XP level 2. HP: 15/15 MP: 3/8
   220 | D:1      | Learned a level 2 spell: Searing Ray
   476 | D:1      | Found Ynosa's Assorted Antiques.
   591 | D:1      | Found Sext's Weapon Shoppe.
   966 | D:1      | Reached skill level 5 in Conjurations
   966 | D:1      | Reached XP level 3. HP: 19/19 MP: 7/10
   970 | D:1      | Learned a level 3 spell: Dazzling Flash
  1625 | D:2      | Reached skill level 1 in Hexes
  2024 | D:2      | Reached XP level 4. HP: 24/24 MP: 3/12
  2029 | D:2      | Learned a level 4 spell: Fulminant Prism
  2319 | D:2      | Found a hide-covered altar of Uskayaw.
  2633 | D:3      | Noticed Grinder
  3192 | D:3      | Reached skill level 5 in Spellcasting
  3192 | D:3      | Reached XP level 5. HP: 28/28 MP: 10/14
  3504 | D:3      | Learned a level 4 spell: Iskenderun's Mystic Blast
  3583 | D:3      | Found a faded altar of an unknown god.
  4069 | D:4      | Noticed an ogre
  4077 | D:4      | Killed an ogre
  4078 | D:4      | Reached skill level 1 in Translocations
  4078 | D:4      | Reached XP level 6. HP: 32/32 MP: 6/16
  4132 | D:4      | Noticed an orc warrior
  4138 | D:4      | Killed an orc warrior
  4681 | D:4      | Found the +1 Delatra's gloves {ID++}
  4760 | D:4      | Found a bloodstained altar of Trog.
  4765 | D:4      | Noticed a wizard
  4767 | D:4      | Killed a wizard
  4905 | D:5      | Entered Level 5 of the Dungeon
  4958 | D:5      | Reached XP level 7. HP: 28/36 MP: 5/18
  5237 | D:5      | Reached skill level 5 in Hexes
  6156 | D:5      | Reached XP level 8. HP: 41/41 MP: 2/20
  6885 | D:5      | Found a burning altar of Makhleb.
  6894 | D:5      | Found an ornate altar of the Wu Jian Council.
  6956 | D:6      | Noticed a two-headed ogre
  6956 | D:6      | Found Egaledghe's Book Shoppe.
  7140 | D:6      | Reached skill level 5 in Translocations
  7362 | D:6      | Bought a book of Hexes for 468 gold pieces
  7367 | D:6      | Learned a level 4 spell: Cause Fear
  7374 | D:6      | Learned a level 1 spell: Slow
  7378 | D:6      | Learned a level 3 spell: Confusing Touch
  7627 | D:5      | Reached XP level 9. HP: 45/45 MP: 14/23
  7727 | D:6      | Killed a two-headed ogre
  7854 | D:6      | Found a blossoming altar of Fedhas.
  8290 | D:7      | Found an ancient bone altar of Kikubaaqudgha.
  8654 | D:7      | Reached skill level 1 in Evocations
  8689 | D:7      | Reached skill level 1 in Fighting
  8739 | D:7      | Found a staircase to the Ecumenical Temple.
  8747 | Temple   | Entered the Ecumenical Temple
  8856 | Temple   | Became a worshipper of Sif Muna the Loreminder
  9009 | D:7      | Found a shadowy altar of Dithmenos.
  9460 | D:8      | Reached XP level 10. HP: 42/53 MP: 7/25
  9474 | D:7      | Gained mutation: You are strong-willed. (Will+) [potion of
                  | mutation]
  9474 | D:7      | Gained mutation: You occasionally shout uncontrollably at
                  | your foes. [potion of mutation]
  9474 | D:7      | Gained mutation: Your movements are slightly less
                  | encumbered by armour. (ER -2) [potion of mutation]
  9474 | D:7      | Gained mutation: Your spells are a little harder to cast,
                  | but a little more powerful. [potion of mutation]
  9637 | D:8      | Noticed a death yak
  9637 | D:8      | Noticed a death yak
  9637 | D:8      | Noticed a death yak
  9637 | D:8      | Found a staircase to the Lair.
  9637 | D:8      | Noticed a death yak
  9637 | D:8      | Noticed a death yak
  9638 | D:8      | Noticed a death yak
  9643 | D:8      | Noticed a death yak
  9652 | D:8      | Killed a death yak
  9652 | D:8      | Reached * piety under Sif Muna
  9653 | D:8      | Reached skill level 5 in Dodging
  9653 | D:8      | Slain by a death yak

Illustrated notes

Levels and vault maps discovered:
D:1:      sevenhm_arrival_forest_fort_small_3, layout_loops_ring, serial_shops,
          nicolae_lakefront_shop, nicolae_shop_hallway_plus
D:2:      layout_basic, basic_altar
D:3:      layout_loops_corners, chequers_ecumenical_altar_twisty,
          corexii_leaking_fountain, minmay_quadrilaterals, uniq_grinder
D:4:      layout_rooms, trog_wizard, pf_guarded_unrand_delatra
D:5:      minmay_polygon_palace, layout_layer_cave, mainiacjoe_overflow_swirl,
          kennysheep_generic_room_5
D:6:      layout_rooms, mainiacjoe_overflow_alcove_4, nicolae_stop_n_shop_2,
          minmay_fire_ice_demons
D:7:      layout_basic, nicolae_dithmenos_through_a_glass_darkly,
          nicolae_kikubaaqudgha_miasma_corner, minmay_temple_entry_waves,
          serial_rivers, chequers_serial_rivers_room_a,
          chequers_serial_rivers_large_a, chequers_serial_rivers_micro_e,
          chequers_serial_rivers_marsh, chequers_serial_rivers_small_a,
          lemuel_flamethrower_2
D:8:      layout_rooms, dpeg_lair_monsters, minmay_starry_boxes
Temple:   regret_index_temple_waves

Skill      XL: |  1  2  3  4  5  6  7  8  9 10 |
---------------+-------------------------------+-----
Spellcasting   | 4 5 6 7 8 9 |  9.8
Conjurations   | 5 6 7 8 9 |  9.0
Hexes          | 1 2 3 4 5 7 8 |  8.8
Translocations | 1 2 3 5 6 |  6.8
Dodging        | 4 5 |  5.1
Evocations     | 2 3 |  3.9
Fighting       | 1 2 |  2.9
Stealth        | |  2.4

Action                   |  1- 3 |  4- 6 |  7- 9 | 10-12 || total
-------------------------+-------+-------+-------+-------++-------
Melee: Staff             |       |     8 |    10 |     2 ||    20
       Punch             |       |       |     1 |       ||     1
 Cast: Magic Dart        |    78 |    85 |   100 |     2 ||   265
       Searing Ray       |    13 |    33 |    26 |       ||    72
       Fulminant Prism   |       |     5 |    35 |     4 ||    44
       Iskenderun's Myst |       |       |    18 |     3 ||    21
       Slow              |       |       |     2 |       ||     2
       Cause Fear        |       |       |       |     1 ||     1
Evoke: Wand              |       |       |     3 |     1 ||     4
  Use: Scroll            |       |     8 |     6 |     1 ||    15
       Potion            |       |       |     7 |     5 ||    12
Armor: Robe              |     2 |     4 |    10 |       ||    16
       Skin              |       |       |     5 |     2 ||     7
       Steam dragon scal |       |       |     1 |     1 ||     2
Dodge: Dodged            |     2 |    16 |    28 |    10 ||    56
